 Dungeon Crawl Stone Soup version 0.20.0-15-g7f486f2 (webtiles) character file.

60 Reinor the Ducker (level 3, 0/16 HPs)
             Began as a Spriggan Earth Elementalist on June 10, 2017.
             Killed by divine providence
             ... invoked by an orc priest
              (13 damage)
             ... on level 3 of the Dungeon.
             The game lasted 00:05:33 (2343 turns).

Reinor the Ducker (Spriggan Earth Elementalist)     Turns: 2343, Time: 00:05:34

Health: 0/16       AC:  2    Str:  4    XL:     3   Next: 80%
Magic:  3/9        EV: 20    Int: 17    God:
Gold:   30         SH:  5    Dex: 16    Spells: 3/9 levels left

rFire    . . .     SeeInvis +   a - -2 short sword (curse)
rCold    + . .     Gourm    .   (shield restricted)
rNeg     . . .     Faith    .   k - +0 robe {rC+}
rPois    .         Spirit   .   (helmet restricted)
rElec    .         Reflect  +   (no cloak)
rCorr    .         Harm     .   (gloves unavailable)
MR       .....                  (boots unavailable)
Stlth    +.........             i - +5 amulet of reflection
Regen    0.1/turn               h - ring of loudness (curse)
MPRegen  0.2/turn               c - ring of flight

@: very quick
A: unfitting armour, see invisible, herbivore 3, speed 3, slow metabolism 2
a: Evoke Flight


You were on level 3 of the Dungeon.
You were not hungry.

You visited 1 branch of the dungeon, and saw 3 of its levels.

You collected 30 gold pieces.

Inventory:

Hand Weapons
 a - a cursed -2 short sword (weapon)
Missiles
 b - 54 stones (quivered)
Armour
 k - a +0 robe of cold resistance (worn)
Jewellery
 c - a ring of flight (right hand)
 h - a cursed ring of loudness (left hand)
 i - a +5 amulet of reflection (around neck)
Scrolls
 g - a scroll of teleportation
Potions
 f - a potion of invisibility
 j - a potion of mutation {unknown}
Books
 e - a book of Geomancy

   Spells                             Type                      Level
   a - Sandblast                      Earth                        1
   b - Passwall                       Transmutation/Earth          2
   c - Stone Arrow                    Conjuration/Earth            3
   d - Petrify                        Transmutation/Earth          4
   e - Lee's Rapid Deconstruction     Earth                        5
Comestibles
 d - a bread ration


   Skills:
 + Level 4.4 Dodging
 - Level 3.0 Stealth
 + Level 3.5 Spellcasting
 - Level 1.3 Transmutations
 + Level 3.3 Earth Magic


You had 3 spell levels left.
You knew the following spells:

 Your Spells              Type           Power        Failure   Level  Hunger
a - Sandblast             Erth           ##....       4%          1    None
b - Passwall              Tmut/Erth      ##........   10%         2    ##.....
c - Stone Arrow           Conj/Erth      #.....       26%         3    ###....


Dungeon Overview and Level Annotations

Branches:
Dungeon (3/15)

Altars:
Cheibriados
Uskayaw
Yredelemnul


Innate Abilities, Weirdness & Mutations

You are very small and have problems with some larger weapons.
You are too small for most types of armour.
You have supernaturally acute eyesight. (SInv)
You are a herbivore.
You cover ground extremely quickly.
You need consume almost no food.


Message History

b - 56 stones
Casting: Sandblast
Confirm with . or Enter, or press ? or * to list all spells.
Aiming: Sandblast
Press: ? - help, Shift-Dir - straight line, f/p - orc
Aim: an orc, wielding a morningstar and wearing a ring mail The blast of sand hits the orc.
b - 55 stones
Casting: Sandblast
Confirm with . or Enter, or press ? or * to list all spells.
Aiming: Sandblast
Press: ? - help, Shift-Dir - straight line, f/p - orc
Aim: an orc, wielding a morningstar and wearing a ring mail The blast of sand misses the orc.
b - 54 stones The orc misses you.
The orc priest mumbles some strange prayers to Beogh against you.
Beogh smites you!
Ouch! That really hurt!
You die...

#.........####....####
+.........+...........
#.........####<..#####
##.......## ##..#
##.....## ##.# ##...##
#.# ##'## #.# #.# #.#
#@# #.# #o# #.# o..
#.# ..... #.# .#...##
#.##... # ##.# .#


You could see an orc priest and an orc.

Vanquished Creatures
  A hound zombie (D:3)
  An adder (D:2)
  3 bats
  2 giant cockroaches
  2 goblins
  6 hobgoblins
  8 jackals
  A frilled lizard (D:1)
  4 kobolds
  4 rats
32 creatures vanquished.

Notes
Turn   | Place    | Note
-------+----------+-------------------------------------------
     0 | D:1      | Reinor the Spriggan Earth Elementalist began the quest for the Orb.
     0 | D:1      | Reached XP level 1. HP: 9/9 MP: 5/5
   290 | D:1      | Reached XP level 2. HP: 8/13 MP: 1/6
  1379 | D:2      | Learned a level 2 spell: Passwall
  1491 | D:2      | Reached XP level 3. HP: 16/16 MP: 1/8
  1554 | D:2      | Learned a level 3 spell: Stone Arrow
  1712 | D:2      | Found a snail-covered altar of Cheibriados.
  1714 | D:2      | Found a hide-covered altar of Uskayaw.
  1720 | D:2      | Found a basalt altar of Yredelemnul.
  1939 | D:2      | Reached skill level 4 in Dodging
  2343 | D:3      | Killed from afar by an orc priest

Skill      XL: |  1  2  3 |
---------------+----------+-----
Earth Magic    | 3 |  3.3
Spellcasting   | 3 |  3.5
Dodging        | 4 |  4.4
Stealth        | |  3.0
Transmutations | |  1.3

Action                   || total
-------------------------++-------
Melee: Short sword       ||   143
       Unarmed           ||     5
 Cast: Sandblast         ||    37
       Passwall          ||     2
  Use: Scroll            ||     2
 Stab: Sleeping          ||     3
Armor: Robe              ||    22
Dodge: Dodged            ||   163
Block: Other             ||    30
